 Dungeon Crawl Stone Soup version 0.22-a0-322-g60b3cfd (webtiles) character file.

193 TheMightyKhan the Bolt Thrower (level 5, -6/44 HPs)
             Began as a Hill Orc Hunter on Apr 2, 2018.
             Was an Initiate of Makhleb.
             Killed from afar by an orc wizard (8 damage)
             ... with a magic dart
             ... on level 3 of the Dungeon.
             The game lasted 00:18:45 (2201 turns).

TheMightyKhan the Bolt Thrower (Hill Orc Hunter)    Turns: 2201, Time: 00:18:46

Health: -6/44      AC:  5    Str: 15    XL:     5   Next: 72%
Magic:  5/5        EV: 12    Int: 11    God:    Makhleb [......]
Gold:   74         SH:  0    Dex: 12    Spells: 4/4 levels left

rFire    . . .     SeeInvis .   y - +1 rapier (elec)
rCold    . . .     Gourm    .   (no shield)
rNeg     . . .     Faith    .   c - +1 leather armour
rPois    .         Spirit   .   (no helmet)
rElec    .         Reflect  .   (no cloak)
rCorr    .         Harm     .   E - +0 pair of gloves
MR       .....                  (no boots)
Stlth    +.........             (no amulet)
HPRegen  0.14/turn              (no ring)
MPRegen  0.09/turn              (no ring)

@: no status effects
A: no striking features
a: Renounce Religion


You were on level 3 of the Dungeon.
You worshipped Makhleb.
Makhleb was noncommittal.
You were not hungry.

You visited 1 branch of the dungeon, and saw 3 of its levels.

You collected 74 gold pieces.

Inventory:

Hand Weapons
 a - a +1 hand crossbow
 i - a +2 short sword of speed
 m - a +0 hand axe
 y - a +1 rapier of electrocution (weapon)
 A - a +0 blowgun
 B - a +0 whip
Missiles
 d - 17 bolts
 e - 93 stones (quivered)
 C - 21 poisoned needles
Armour
 c - a +1 leather armour (worn)
 j - a +0 leather armour
 n - a +0 leather armour
 o - a +0 leather armour
 D - a +0 leather armour
 E - a +0 pair of gloves (worn)
Comestibles
 f - 5 rations
 w - 4 chunks of flesh


   Skills:
 + Level 2.9 Fighting
 + Level 1.8 Short Blades
 + Level 4.5 Crossbows
 + Level 1.5 Throwing
 + Level 1.9 Armour
 + Level 2.2 Dodging
 + Level 1.0 Stealth


You had 4 spell levels left.
You didn't know any spells.

Dungeon Overview and Level Annotations

Branches:
Dungeon (3/15)

Altars:
Makhleb


Message History

The orc wizard hits you but does no damage.
The orc hits you but does no damage.
You barely miss the orc wizard.
The orc wizard is heavily wounded.
The goblin misses you. Something hits you but does no damage.
The orc wizard gestures at you while chanting.
The magic dart hits you!
* * * LOW HITPOINT WARNING * * *
The orc hits you with a dagger.
* * * LOW HITPOINT WARNING * * *
Unknown command.
You hit the orc wizard but do no damage.
Lightning courses through the orc wizard!
You kill the orc wizard!
Makhleb accepts your kill. The goblin hits you but does no damage.
You hear some strange, mumbled words.
A magic dart appears from out of thin air!
The magic dart hits you!
You die...

.##.............#...............#
.....†...........................
.......#.#..#..#.....)......>....
.###.###..#.#..#.......).........
.......##.#.....#...............#
#..###.##....##.#..............##
##..##.....#............#........
*#..#####.......#..#..###........
*...# ###(...)@).(....<........
,.#.#*** ####..go.#.÷...........
..*..,,* #...................
..*..,,* *##...#((....#.......
..*...,* #.....#.(............
,,*,,,,* #.............#......
,,*,,,,* #.....#.#.....#......
,,*,,,,*****#.....#.#............
,,*,,,,,,,,..........>....##.....


You could see an orc and a goblin.

Vanquished Creatures
  2 crimson imps (D:2)
  An orc wizard (D:3)
  A worker ant (D:3)
  An ooze (D:1)
  4 leopard geckos
  3 orcs (D:3)
  2 ball pythons (D:1)
  10 bats
  4 giant cockroaches
  9 goblins
  6 jackals (D:2)
  3 kobolds
  A quokka (D:2)
  4 frilled lizards
  14 rats
65 creatures vanquished.

Notes
Turn   | Place    | Note
-------+----------+-------------------------------------------
     0 | D:1      | TheMightyKhan the Hill Orc Hunter began the quest for the Orb.
     0 | D:1      | Reached XP level 1. HP: 18/18 MP: 1/1
    85 | D:1      | Reached skill level 4 in Crossbows
    85 | D:1      | Reached XP level 2. HP: 25/25 MP: 2/2
   413 | D:1      | Reached XP level 3. HP: 26/30 MP: 3/3
  1584 | D:2      | Reached skill level 1 in Armour
  1584 | D:2      | Reached skill level 1 in Stealth
  1584 | D:2      | Reached XP level 4. HP: 13/37 MP: 4/4
  1734 | D:2      | Found a burning altar of Makhleb.
  1768 | D:2      | Reached skill level 1 in Short Blades
  1768 | D:2      | Reached skill level 1 in Throwing
  1768 | D:2      | Reached XP level 5. HP: 31/42 MP: 5/5
  1774 | D:2      | Became a worshipper of Makhleb the Destroyer
  2200 | D:3      | HP: 1/44 [orc/dagger (3)]
  2201 | D:3      | Killed from afar by an orc wizard

Vault maps used:
D:1:      dpeg_arrival_rhombus
D:2:      makhleb_grotto_becter, minmay_fountain_box
D:3:      minmay_wonky_spiral

Skill      XL: |  1  2  3  4 |
---------------+-------------+-----
Crossbows      | 4 |  4.5
Armour         | 1 |  1.9
Dodging        | 2 |  2.2
Stealth        | 1 |  1.0
Short Blades   | 1 |  1.8
Throwing       | 1 |  1.5
Fighting       | |  2.9

Action                   |  1- 3 |  4- 6 || total
-------------------------+-------+-------++-------
Melee: Short sword       |    85 |    45 ||   130
       Hand crossbow     |     1 |       ||     1
       Rapier            |       |    35 ||    35
 Fire: Hand crossbow     |    41 |       ||    41
Throw: Stone             |    76 |    22 ||    98
  Use: Scroll            |     4 |     4 ||     8
       Potion            |       |     4 ||     4
 Stab: Sleeping          |     1 |       ||     1
  Eat: Chunk             |     2 |     2 ||     4
Armor: Leather armour    |    32 |    29 ||    61
Dodge: Dodged            |    66 |    48 ||   114

Table legend:
 A = Spawn XP
 B = Non-spawn XP
 C = Spawn XP percentage of total XP
 D = Spawn monster count
 E = Non-spawn monster count
 F = Spawn count percentage of total count
 G = Total turns spent on level
                    A         B        C        D         E        F      G
               +---------+---------+-------+---------+---------+-------+---------
         Total |       0 |     277 |   0.0 |       0 |      65 |   0.0 |  2201
               +---------+---------+-------+---------+---------+-------+---------
           D:1 |       0 |      42 |   0.0 |       0 |      23 |   0.0 |   725
           D:2 |       0 |     129 |   0.0 |       0 |      22 |   0.0 |  1105
           D:3 |       0 |     106 |   0.0 |       0 |      20 |   0.0 |   371
               +---------+---------+-------+---------+---------+-------+---------
